[Event "Titled Tuesday Blitz June 13 Late 2023"]
[White "Martinez, Ayelen"]
[Black "Topalov, Aleksandar"]
[WhiteFideId "118702"]
[BlackFideId "925659"]
[WhiteElo "2074"]
[BlackElo "2151"]
[Result "1-0"]
[Round "8"]
[TimeControl "180+2"]
[Date "2023.06.13"]
[WhiteClock "0:00:25"]
[BlackClock "0:00:00"]
[Board "128"]

1. e4 e6 2. d4 d5 3. Nc3 Bb4 4. e5 Qd7 5. a3 Bxc3+ 6. bxc3 b6 7. Qg4 f5 8. Qg3 Qf7 9. Nh3 h6 10. Be2 g6 11. Nf4 Ne7 12. h4 Ba6 13. h5 g5 14. Ng6 Rg8 15. Bxg5 hxg5 16. Nxe7 Qxe7 17. c4 Bxc4 18. Bxc4 dxc4 19. h6 Nc6 20. h7 Rh8 21. Qf3 Kd7 22. d5 Nxe5 23. dxe6+ Kxe6 24. Rh6+ Kf7 25. Qxf5+ Kg7 26. Re6 Qxe6 27. Qxe6 Rae8 28. Qf5 Nf3+ 29. Kf1 Rxh7 30. Qd7+ 1-0


[Site "https://www.chess.com"]

[Event "Titled Tuesday Blitz June 13 Late 2023"]
[White "Zherebtsova, Alexandra"]
[Black "Cluke86"]
[WhiteFideId "24129518"]
[WhiteElo "2055"]
[BlackElo "2223"]
[Result "1-0"]
[Round "8"]
[TimeControl "180+2"]
[Date "2023.06.13"]
[WhiteClock "0:00:23"]
[BlackClock "0:00:00"]
[Board "129"]

1. d4 Nf6 2. Nf3 e6 3. c4 b6 4. g3 Bb7 5. Bg2 Be7 6. O-O O-O 7. Nc3 Ne4 8. Qc2 f5 9. Ne5 d6 10. Nd3 Nd7 11. Nf4 Rf6 12. Nxe4 fxe4 13. Bxe4 Bxe4 14. Qxe4 e5 15. Qd5+ Kh8 16. Ne6 Qc8 17. Nxc7 Rb8 18. Nb5 a6 19. Nc3 exd4 20. Qxd4 Ne5 21. Bg5 Rf7 22. Bxe7 Rxe7 23. Nd5 Re6 24. Rac1 Rh6 25. Nf4 Qg4 26. f3 Qg5 27. Kg2 Rf8 28. e3 Ng6 29. Nxg6+ Qxg6 30. Qg4 Qf6 31. Rf2 Rg6 32. Qd4 h5 33. Qxf6 Rgxf6 34. h4 Re6 35. e4 Rc8 36. b3 Re5 37. Rd1 Ra5 38. Rxd6 b5 39. Rd5 Ra3 40. cxb5 1-0


[Site "https://www.chess.com"]

[Event "Titled Tuesday Blitz June 13 Late 2023"]
[White "campochess"]
[Black "Sairam, Pranav"]
[BlackFideId "30951330"]
[WhiteElo "2219"]
[BlackElo "1918"]
[Result "0-1"]
[Round "8"]
[TimeControl "180+2"]
[Date "2023.06.13"]
[WhiteClock "0:00:36"]
[BlackClock "0:00:12"]
[Board "130"]

1. d4 d5 2. Bg5 h6 3. Bh4 Nd7 4. Nd2 Ngf6 5. e3 e6 6. Bd3 Be7 7. Ngf3 b6 8. Ne5 Bb7 9. f4 O-O 10. O-O c5 11. c3 Ne4 12. Bxe7 Qxe7 13. Nxe4 dxe4 14. Nxd7 Qxd7 15. Be2 cxd4 16. Qxd4 Qxd4 17. cxd4 Bd5 18. f5 Rac8 19. fxe6 fxe6 20. b3 Rc2 21. Bg4 Rfc8 22. Rf2 Rxf2 23. Kxf2 Rc2+ 24. Kg3 Kf7 25. Rf1+ Ke7 26. Rf2 Rc3 27. Re2 Kd6 28. h4 e5 29. dxe5+ Kxe5 30. Bh5 Bc6 31. Bg6 Bb5 32. Re1 Rc2 33. a4 Bd3 34. Bf7 a5 35. Kh3 Kd6 36. g4 g5 37. hxg5 hxg5 38. Kg3 Kc5 39. Rh1 Re2 40. Rh5 Rxe3+ 41. Kg2 Rf3 42. Rxg5+ Kd4 43. Rg8 Bf1+ 44. Kg1 Rxf7 45. Rg6 e3 46. Rxb6 e2 47. Rd6+ Kc3 48. Re6 Kd2 49. Rd6+ Ke1 50. g5 Rg7 51. g6 Bh3 52. Kh2 Bf5 53. Kg2 Rxg6+ 54. Kf3 Rxd6 0-1


[Site "https://www.chess.com"]

[Event "Titled Tuesday Blitz June 13 Late 2023"]
[White "Francisco_Ferrari"]
[Black "Maluco_do_Natal_00"]
[WhiteElo "2328"]
[BlackElo "2094"]
[Result "0-1"]
[Round "8"]
[TimeControl "180+2"]
[Date "2023.06.13"]
[WhiteClock "0:00:00"]
[BlackClock "0:00:01"]
[Board "131"]

1. d4 d5 2. Nf3 Nf6 3. e3 e6 4. Be2 c5 5. O-O Nc6 6. b3 Be7 7. Bb2 O-O 8. Nbd2 cxd4 9. Nxd4 Bd7 10. c4 Rc8 11. N2f3 a6 12. Rc1 dxc4 13. Bxc4 b5 14. Bd3 Nb4 15. Bb1 Rxc1 16. Qxc1 Qb6 17. Ne5 Rd8 18. a3 Nbd5 19. Ndc6 Bxc6 20. Nxc6 Rc8 21. Nxe7+ Nxe7 22. Qd2 Ned5 23. e4 Ne7 24. Rc1 Rd8 25. Qg5 Ng6 26. h4 h6 27. Qg3 Nh5 28. Qf3 Nf6 29. h5 Nf8 0-1


[Site "https://www.chess.com"]

[Event "Titled Tuesday Blitz June 13 Late 2023"]
[White "Ricaurte Lopez, Juan Carlos"]
[Black "Slovineanu, Viacheslav"]
[WhiteFideId "3600327"]
[BlackFideId "13900510"]
[WhiteElo "2200"]
[BlackElo "2312"]
[Result "1-0"]
[Round "8"]
[TimeControl "180+2"]
[Date "2023.06.13"]
[WhiteClock "0:00:03"]
[BlackClock "0:00:00"]
[Board "132"]

1. e4 c6 2. d4 d5 3. exd5 cxd5 4. c4 Nf6 5. Nc3 e6 6. Nf3 Bb4 7. Bd3 dxc4 8. Bxc4 Bxc3+ 9. bxc3 Qc7 10. Qd3 O-O 11. O-O Nbd7 12. Ba3 Re8 13. Rac1 b6 14. Rfd1 Bb7 15. Bb3 Rac8 16. c4 Nf8 17. Ne5 Ng6 18. Nxg6 hxg6 19. d5 exd5 20. cxd5 Qf4 21. g3 Qf5 22. Qxf5 gxf5 23. d6 Bc6 24. Rxc6 Rxc6 25. Ba4 Rcc8 26. d7 Nxd7 27. Rxd7 Red8 28. Rxa7 Ra8 29. Be7 Rxa7 30. Bxd8 Rxa4 31. Bxb6 Rxa2 32. h4 f6 33. Kg2 Kf7 34. Kf3 g5 35. Bd8 Kg6 36. h5+ Kxh5 37. Bxf6 Kg6 38. Bd8 Ra3+ 39. Kg2 Rd3 40. Be7 g4 41. Bc5 Kf6 42. Be3 Ke5 43. Bf4+ Ke4 44. Bc7 Rd2 45. Bb6 Rc2 46. Ba7 Re2 47. Bb6 Rc2 48. Ba7 Rc6 49. Be3 Ra6 50. Bf4 Ra3 51. Bd6 Rd3 52. Bc5 f4 53. gxf4 Kxf4 54. Be3+ Kf5 55. Kg3 Rd1 56. Kg2 Ke4 57. Bc5 Rd3 58. Bb6 Rf3 59. Bc5 Kf4 60. Bb6 Rd3 61. Ba7 1-0


[Site "https://www.chess.com"]

[Event "Titled Tuesday Blitz June 13 Late 2023"]
[White "Sanchez, Robert"]
[Black "Kaufman, Raymond"]
[WhiteFideId "2034360"]
[BlackFideId "2015056"]
[WhiteElo "1973"]
[BlackElo "2264"]
[Result "1/2-1/2"]
[Round "8"]
[TimeControl "180+2"]
[Date "2023.06.13"]
[WhiteClock "0:00:43"]
[BlackClock "0:00:48"]
[Board "133"]

1. e4 e6 2. d4 d5 3. Nc3 Bb4 4. e5 c5 5. Bd2 Ne7 6. Nf3 Nbc6 7. dxc5 Ng6 8. Qe2 O-O 9. O-O-O f6 10. exf6 Qxf6 11. Kb1 Nf4 12. Qe1 Bxc5 13. Bb5 Nxg2 14. Qf1 Qxf3 15. Rg1 Nh4 16. Bh6 Ng6 17. Bd3 Qxf2 18. Qh3 e5 19. Qh5 Qf3 20. Bxg6 hxg6 21. Qxg6 Qf6 22. Qxg7+ Qxg7 23. Rxg7+ Kh8 24. Nxd5 Bf5 25. Rxb7 Nd4 26. Bg7+ Kg8 27. Rg1 Bxc2+ 28. Ka1 Ne2 29. Bf6+ Bxg1 30. Rg7+ Kh8 31. Rf7+ Kg8 32. Rg7+ Kh8 33. Rf7+ Kg8 34. Rg7+ 1/2-1/2


[Site "https://www.chess.com"]

[Event "Titled Tuesday Blitz June 13 Late 2023"]
[White "Zhukov, Maksim"]
[Black "Burke, Paul"]
[WhiteFideId "34181790"]
[BlackFideId "2605767"]
[WhiteElo "1925"]
[BlackElo "1960"]
[Result "1-0"]
[Round "8"]
[TimeControl "180+2"]
[Date "2023.06.13"]
[WhiteClock "0:01:01"]
[BlackClock "0:00:26"]
[Board "134"]

1. e4 e5 2. Nf3 Nc6 3. d4 exd4 4. Bc4 d6 5. Nxd4 Be7 6. Nc3 Nf6 7. Be3 O-O 8. h3 a6 9. a4 Bd7 10. O-O Ne5 11. Be2 c5 12. Nf5 Bxf5 13. exf5 d5 14. f4 Nc6 15. Bf2 d4 16. Nb1 Nd5 17. g3 Bf6 18. Bf3 Ne3 19. Bxe3 dxe3 20. Qxd8 Raxd8 21. c3 b5 22. axb5 axb5 23. Re1 Ne7 24. Rxe3 Nxf5 25. Re1 Nxg3 26. Bg4 Bh4 27. Na3 f5 28. Bf3 Ne4 29. Re2 Nd2 30. Bc6 b4 31. cxb4 cxb4 32. Nc2 b3 33. Ne3 Bf6 34. Bd5+ Kh8 35. Rxd2 Rfe8 36. Kf2 Bh4+ 37. Kf3 Bf6 38. Nxf5 Rb8 39. Ra3 g6 40. Ne3 Rbd8 41. Rxb3 Rf8 42. Rbd3 Be5 43. Ng2 Bxf4 44. Nxf4 g5 45. Rd4 gxf4 46. Rxf4 Rfe8 47. Rdd4 Re7 48. b4 Red7 49. Ke4 Re7+ 50. Kd3 Rde8 51. Be4 Rb8 52. Rh4 Kg8 53. Rd6 Rxb4 54. Bd5+ 1-0


[Site "https://www.chess.com"]

[Event "Titled Tuesday Blitz June 13 Late 2023"]
[White "Garmendiarov"]
[Black "rikchessmx"]
[WhiteElo "2360"]
[BlackElo "2284"]
[Result "0-1"]
[Round "8"]
[TimeControl "180+2"]
[Date "2023.06.13"]
[WhiteClock "0:00:07"]
[BlackClock "0:01:04"]
[Board "135"]

1. d4 Nf6 2. Bf4 h5 3. Nc3 e6 4. e4 Bb4 5. Bd3 d5 6. e5 Nfd7 7. Nf3 c5 8. a3 Ba5 9. O-O c4 10. Be2 Nc6 11. Re1 Ne7 12. Bd2 a6 13. b4 Bb6 14. h4 Nf5 15. Bg5 f6 16. exf6 gxf6 17. Bf4 Kf7 18. Bf1 Nf8 19. Na4 Ng6 20. Nxb6 Qxb6 21. Bg3 Bd7 22. c3 Rag8 23. Kh2 Nxg3 24. fxg3 Qc7 25. Qd2 Nxh4 26. Nxh4 Qxg3+ 27. Kg1 Qxh4 28. Qf2 Qxf2+ 29. Kxf2 h4 30. Be2 Rg3 31. Bf3 Rhg8 32. Rh1 Rh8 33. Rh3 Rxh3 34. gxh3 Rg8 35. Rg1 Rxg1 36. Kxg1 Kg6 37. Kf2 Kg5 38. Ke3 Bc6 39. Bg2 e5 40. Bf3 e4 41. Be2 f5 42. Bf1 f4+ 43. Kf2 Bd7 44. Bg2 Bf5 45. Bf1 b5 46. Bg2 e3+ 47. Ke2 Be4 48. Bxe4 dxe4 49. Ke1 Kf5 50. Ke2 Ke6 51. Ke1 f3 52. Kf1 Kf5 53. Ke1 Kf4 54. Kf1 e2+ 55. Kf2 e3+ 56. Ke1 Ke4 57. d5 Kxd5 58. a4 bxa4 59. b5 a3 60. b6 a2 61. b7 a1=Q# 0-1


[Site "https://www.chess.com"]

[Event "Titled Tuesday Blitz June 13 Late 2023"]
[White "Ardila, Oscar Humberto"]
[Black "Wang, Alexander J"]
[WhiteFideId "4404742"]
[BlackFideId "30955270"]
[WhiteElo "1912"]
[BlackElo "2238"]
[Result "0-1"]
[Round "8"]
[TimeControl "180+2"]
[Date "2023.06.13"]
[WhiteClock "0:00:15"]
[BlackClock "0:00:42"]
[Board "136"]

1. a3 d5 2. h3 e5 3. d3 c5 4. Nd2 Nc6 5. e4 dxe4 6. dxe4 Be6 7. Bb5 Qb6 8. Qe2 a6 9. Ba4 Nf6 10. Ngf3 Be7 11. Nxe5 O-O 12. Bxc6 bxc6 13. O-O Qc7 14. Ndc4 Nd7 15. Bf4 Nxe5 16. Nxe5 Bd6 17. Nxf7 Bxf4 18. e5 Rxf7 19. Rfe1 Raf8 20. g3 Bh6 21. f4 Qb6 22. c3 c4+ 23. Kh2 g6 24. Rad1 Bd5 25. Rd4 Rb7 26. Rd2 Bg7 27. Red1 Qc5 28. Rd4 Re8 29. R1d2 h5 30. g4 hxg4 31. Qxg4 Kf7 32. f5 gxf5 33. Qxf5+ Kg8 34. Rg4 Rf7 35. Qc2 Kf8 36. Rgd4 Bxe5+ 37. Kg1 Rg7+ 38. Kf1 Bxd4 39. cxd4 Qe7 40. Rf2+ Rf7 41. Qg6 Qe1# 0-1


[Site "https://www.chess.com"]

[Event "Titled Tuesday Blitz June 13 Late 2023"]
[White "Ziatdinov, Raset"]
[Black "Quirke, Jeffrey"]
[WhiteFideId "2015323"]
[BlackFideId "2013029"]
[WhiteElo "2220"]
[BlackElo "2221"]
[Result "1/2-1/2"]
[Round "8"]
[TimeControl "180+2"]
[Date "2023.06.13"]
[WhiteClock "0:00:05"]
[BlackClock "0:00:11"]
[Board "137"]

1. e4 Nf6 2. e5 Nd5 3. d4 d6 4. c4 Nb6 5. f4 dxe5 6. fxe5 Nc6 7. Be3 Bf5 8. Nc3 e6 9. Nf3 Bg4 10. Be2 Bxf3 11. gxf3 Bb4 12. Qd2 Qh4+ 13. Bf2 Qh3 14. O-O-O O-O-O 15. a3 Bxc3 16. Qxc3 f6 17. f4 Qxc3+ 18. bxc3 fxe5 19. fxe5 Rdf8 20. Bg3 Na5 21. c5 Nd5 22. Kb2 Ne3 23. Rd3 Nec4+ 24. Ka2 Rf7 25. Bg4 Re8 26. Rf3 Rxf3 27. Bxf3 c6 28. Bg4 Kd7 29. Rf1 Ne3 30. Rf7+ Re7 31. Rxe7+ Kxe7 32. Be2 b6 33. cxb6 axb6 34. Bf2 Nd5 35. Kb2 Nb7 36. c4 Nf4 37. Bf1 c5 38. Bg3 Nh5 39. Bf2 Nf4 40. Kc3 cxd4+ 41. Bxd4 Nc5 42. Bxc5+ bxc5 43. a4 Kd7 44. Kd2 Ng6 45. Bd3 Nxe5 46. Bxh7 Nxc4+ 47. Kc3 Nd6 48. a5 Kc7 49. Bg6 Kb7 50. Kb3 Ka6 51. Ka4 e5 52. Bh5 e4 53. Be2+ Ka7 54. Kb3 Nf5 55. Kc4 Ka6 56. Kxc5+ Kxa5 57. Kd5 e3 58. Ke4 g6 59. h4 Kb4 60. h5 gxh5 61. Kxf5 h4 62. Kg4 h3 63. Kxh3 Kc3 64. Kg3 Kd2 65. Kf3 Ke1 66. Kxe3 1/2-1/2


[Site "https://www.chess.com"]

[Event "Titled Tuesday Blitz June 13 Late 2023"]
[White "Gerbelli Neto, Eduardo"]
[Black "rionelG"]
[WhiteFideId "2103281"]
[WhiteElo "2178"]
[BlackElo "2218"]
[Result "1-0"]
[Round "8"]
[TimeControl "180+2"]
[Date "2023.06.13"]
[WhiteClock "0:00:18"]
[BlackClock "0:00:00"]
[Board "138"]

1. e4 c5 2. Nc3 d6 3. f4 a6 4. Nf3 Nc6 5. g3 g6 6. Bg2 Bg7 7. d3 Bg4 8. O-O e6 9. h3 Bxf3 10. Qxf3 Nd4 11. Qf2 Ne7 12. Be3 O-O 13. g4 f5 14. exf5 gxf5 15. Kh1 Rb8 16. Rae1 b5 17. Nd1 b4 18. c3 bxc3 19. bxc3 Ndc6 20. Rg1 Qd7 21. d4 cxd4 22. cxd4 Nb4 23. Qe2 Nbd5 24. Bd2 Bxd4 25. Rgf1 e5 26. Qxa6 fxg4 27. Qc4 Qb5 28. Qxb5 Rxb5 29. hxg4 Nxf4 30. Bxf4 exf4 31. Rxe7 h5 32. Bf3 hxg4 33. Bxg4 Rg5 34. Bh3 Rg3 35. Kh2 Be5 36. Rg1 Rf6 37. Re6 Kg7 38. Rxf6 Kxf6 39. Rxg3 fxg3+ 40. Kg2 Ke7 41. Ne3 Kd8 42. Kf3 Kc7 43. Ke4 Kb6 44. Be6 Kc5 45. Bb3 Kb4 46. Kd5 1-0


[Site "https://www.chess.com"]

[Event "Titled Tuesday Blitz June 13 Late 2023"]
[White "Powell, Paul"]
[Black "Kostiukov, Alexandr"]
[WhiteFideId "2005840"]
[BlackFideId "14108100"]
[WhiteElo "2158"]
[BlackElo "2202"]
[Result "1-0"]
[Round "8"]
[TimeControl "180+2"]
[Date "2023.06.13"]
[WhiteClock "0:00:44"]
[BlackClock "0:00:19"]
[Board "139"]

1. d4 g6 2. Nf3 Bg7 3. Bf4 d6 4. e3 Nc6 5. Be2 e5 6. Bg3 Qe7 7. O-O Nf6 8. h3 Ne4 9. c3 Nxg3 10. fxg3 O-O 11. Nbd2 e4 12. Nh2 f5 13. g4 Qg5 14. Rf4 fxg4 15. Rxf8+ Bxf8 16. Nxg4 Bxg4 17. Bxg4 Qxe3+ 18. Kh1 Re8 19. Nc4 Qg3 20. Qf1 d5 21. Na3 Bd6 22. Qg1 Re7 23. Nb5 Bf4 24. Rf1 a6 25. Na3 Kg7 26. Nc2 h5 27. Bc8 Nd8 28. c4 c6 29. cxd5 cxd5 30. Nb4 Rc7 31. Nxd5 Rxc8 32. Nxf4 Rc2 33. d5 Rxb2 34. Qd4+ Kh7 35. Qxb2 1-0


[Site "https://www.chess.com"]

[Event "Titled Tuesday Blitz June 13 Late 2023"]
[White "deloewre"]
[Black "Celestino, Rafael Teixeira"]
[BlackFideId "2108925"]
[WhiteElo "2122"]
[BlackElo "2256"]
[Result "1-0"]
[Round "8"]
[TimeControl "180+2"]
[Date "2023.06.13"]
[WhiteClock "0:01:16"]
[BlackClock "0:00:36"]
[Board "140"]

1. c4 b5 2. cxb5 a6 3. e4 e5 4. Nc3 Bb4 5. Nf3 d6 6. bxa6 Bxa6 7. Bxa6 Nxa6 8. d4 exd4 9. Qxd4 Nf6 10. O-O O-O 11. Bg5 Bc5 12. Bxf6 gxf6 13. Qd2 Kh8 14. Qh6 Rg8 15. Nd5 Rg6 16. Qh5 Qg8 17. Nh4 Rg5 18. Qf3 Bd4 19. Nf5 Nc5 20. Nxd4 Re8 21. Nxf6 Qf8 22. Nxe8 Qxe8 23. Qf6+ Rg7 24. Nf5 1-0


[Site "https://www.chess.com"]

[Event "Titled Tuesday Blitz June 13 Late 2023"]
[White "Eisa Mohmood, Alkhoori"]
[Black "Fuentes Godoy, Lilia Ivonne"]
[WhiteFideId "9316116"]
[BlackFideId "5104130"]
[WhiteElo "1364"]
[BlackElo "2024"]
[Result "0-1"]
[Round "8"]
[TimeControl "180+2"]
[Date "2023.06.13"]
[WhiteClock "0:02:19"]
[BlackClock "0:02:18"]
[Board "141"]

1. e4 c5 2. Nf3 Nc6 3. d4 cxd4 4. Nxd4 e5 5. Nb5 a6 6. Nd6+ Bxd6 7. Qxd6 Qe7 8. Qd1 Nf6 9. Nc3 d6 10. Bg5 Be6 11. Be2 Nd4 12. O-O Rc8 13. Bd3 h6 14. Bh4 g5 15. Bg3 h5 16. h4 Rg8 17. hxg5 Rxg5 18. Bh4 Rg4 19. Bxf6 Qxf6 20. Ne2 Nf3+ 21. Kh1 Qh4# 0-1


[Site "https://www.chess.com"]

[Event "Titled Tuesday Blitz June 13 Late 2023"]
[White "Vargas, Mauricio"]
[Black "Sariego Figueredo, Wilfredo"]
[WhiteFideId "4404572"]
[BlackFideId "3500080"]
[WhiteElo "1986"]
[BlackElo "2309"]
[Result "0-1"]
[Round "8"]
[TimeControl "180+2"]
[Date "2023.06.13"]
[WhiteClock "0:00:00"]
[BlackClock "0:01:07"]
[Board "142"]

1. d4 d5 2. g3 Nf6 3. Bg2 c6 4. Bg5 Bf5 5. Bxf6 exf6 6. e3 Nd7 7. Nd2 Bd6 8. Ne2 O-O 9. O-O Nb6 10. b3 Re8 11. c4 Bb4 12. c5 Bxd2 13. Qxd2 Nd7 14. h3 Rc8 15. g4 Be4 16. f3 Bg6 17. h4 h6 18. h5 Bh7 19. Rae1 f5 20. Ng3 fxg4 21. fxg4 Qc7 22. Qf2 Nf6 23. Bh3 Rcd8 24. Nf5 Bxf5 25. gxf5 Nxh5 26. Qg2 Qg3 27. Bg4 Qxg2+ 0-1


[Site "https://www.chess.com"]

[Event "Titled Tuesday Blitz June 13 Late 2023"]
[White "Howell, David W L"]
[Black "Novikova, Margarita"]
[WhiteFideId "410608"]
[BlackFideId "14109689"]
[WhiteElo "2567"]
[BlackElo "2013"]
[Result "1-0"]
[Round "8"]
[TimeControl "180+2"]
[Date "2023.06.13"]
[WhiteClock "0:00:22"]
[BlackClock "0:00:07"]
[Board "143"]

1. d4 Nf6 2. Bf4 c5 3. d5 d6 4. Nc3 g6 5. e4 Bg7 6. h3 O-O 7. Nf3 a6 8. a4 b6 9. Bc4 Bb7 10. O-O Nbd7 11. Re1 Ne8 12. Qd2 Nc7 13. Rad1 Kh8 14. Bh6 Rg8 15. Bxg7+ Kxg7 16. Qf4 f6 17. Bf1 Ne5 18. Nd2 Bc8 19. Qg3 Kh8 20. f4 Nf7 21. e5 fxe5 22. fxe5 Nxe5 23. Rxe5 dxe5 24. Nc4 Ne8 25. Qxe5+ Rg7 26. Ne4 Bf5 27. Ng5 Nd6 28. g4 Bc8 29. Re1 h6 30. Nxd6 Qxd6 31. Nf7+ Kh7 32. Nxd6 exd6 33. Qxd6 Bb7 34. Bd3 b5 35. Re7 Rg8 36. Qxg6+ Kh8 37. Qh7+ 1-0


[Site "https://www.chess.com"]

[Event "Titled Tuesday Blitz June 13 Late 2023"]
[White "Sarana, Alexey"]
[Black "Duda, Jan-Krzysztof"]
[WhiteFideId "24133795"]
[BlackFideId "1170546"]
[WhiteElo "2714"]
[BlackElo "2783"]
[Result "0-1"]
[Round "9"]
[TimeControl "180+2"]
[Date "2023.06.13"]
[WhiteClock "0:00:00"]
[BlackClock "0:00:03"]
[Board "1"]

1. d4 Nf6 2. c4 g6 3. Nc3 d5 4. Bf4 Bg7 5. e3 O-O 6. Rc1 Be6 7. c5 c6 8. h3 b6 9. b4 a5 10. a3 axb4 11. axb4 bxc5 12. bxc5 Ra3 13. Bd3 Na6 14. Nge2 Nb4 15. Bb1 Qa5 16. O-O Ra8 17. Be5 Bc8 18. Qd2 Ba6 19. Rfd1 Bc4 20. Ng3 Bf8 21. e4 dxe4 22. Ngxe4 Nd7 23. Bf4 Nd5 24. Nxd5 Bxd5 25. Nc3 Nf6 26. Be5 Bg7 27. Qe1 Bb3 28. Rd3 Bh6 29. f4 Nh5 30. Ne2 Qxe1+ 31. Rxe1 Bc4 32. Rxa3 Rxa3 33. g4 Ng3 34. Nxg3 Rxg3+ 35. Kh2 Rb3 36. Be4 f6 37. Bc7 Rb7 38. Bb6 Bxf4+ 39. Kg2 Rd7 40. Bxc6 Rxd4 41. Rxe7 Rd2+ 42. Kf3 Be5 43. Bc7 Rd3+ 44. Kg2 Rg3+ 45. Kf2 Bxc7 46. Rxc7 Rxh3 47. Bf3 Rh2+ 48. Ke3 Rc2 49. c6 Be6 50. Re7 Bxg4 51. Bxg4 Rxc6 52. Bf3 Rd6 53. Be2 Kh8 54. Bc4 Rc6 55. Bd5 Rd6 56. Kd4 Ra6 57. Be6 Ra4+ 58. Kd5 h5 59. Rf7 Rf4 60. Kd6 h4 61. Ke7 g5 62. Kf8 g4 63. Rg7 Ra4 64. Bf7 Ra8+ 65. Be8 Rxe8+ 66. Kf7 Re7+ 67. Kg6 Rxg7+ 68. Kh5 g3 0-1


[Site "https://www.chess.com"]

[Event "Titled Tuesday Blitz June 13 Late 2023"]
[White "Korobov, Anton"]
[Black "Simonian, Hrair"]
[WhiteFideId "14105730"]
[BlackFideId "13302337"]
[WhiteElo "2638"]
[BlackElo "2447"]
[Result "1-0"]
[Round "9"]
[TimeControl "180+2"]
[Date "2023.06.13"]
[WhiteClock "0:00:57"]
[BlackClock "0:00:00"]
[Board "2"]

1. d4 Nf6 2. c4 e6 3. Nf3 b6 4. a3 Bb7 5. Nc3 d5 6. cxd5 Nxd5 7. Qc2 Be7 8. e4 Nxc3 9. bxc3 c5 10. Bb5+ Bc6 11. Bd3 cxd4 12. cxd4 O-O 13. O-O Bb7 14. Qe2 Nc6 15. Bb2 Bf6 16. Rad1 Na5 17. Rfe1 Re8 18. h4 Bxh4 19. Ne5 Bf6 20. Ng4 Bg5 21. g3 h5 22. Ne5 g6 23. Bb5 Rf8 24. d5 exd5 25. exd5 Qf6 26. f4 Bxf4 27. Nd7 1-0


[Site "https://www.chess.com"]

[Event "Titled Tuesday Blitz June 13 Late 2023"]
[White "Fressinet, Laurent"]
[Black "Paravyan, David"]
[WhiteFideId "608742"]
[BlackFideId "4194985"]
[WhiteElo "2633"]
[BlackElo "2563"]
[Result "0-1"]
[Round "9"]
[TimeControl "180+2"]
[Date "2023.06.13"]
[WhiteClock "0:00:02"]
[BlackClock "0:00:05"]
[Board "3"]

1. d4 Nf6 2. Nf3 g6 3. Bg5 Bg7 4. Nbd2 h6 5. Bh4 c5 6. c3 cxd4 7. cxd4 Nc6 8. e3 O-O 9. Be2 d6 10. O-O g5 11. Bg3 Nh5 12. Rc1 Nxg3 13. hxg3 Bf5 14. Nb3 a5 15. Bd3 Bxd3 16. Qxd3 Qb6 17. a3 Rac8 18. Nbd2 d5 19. Qb3 Qxb3 20. Nxb3 b6 21. Rc3 Na7 22. Rfc1 Rxc3 23. Rxc3 Rc8 24. Rxc8+ Nxc8 25. a4 Nd6 26. Nc1 g4 27. Nd2 f5 28. Nd3 Kf7 29. Kf1 e6 30. Ke2 Bf6 31. b3 Ne4 32. Nxe4 fxe4 33. Nc1 Be7 34. Na2 Bb4 35. Nc1 Kf6 36. Na2 Kf5 37. Kf1 h5 38. Ke2 Kf6 39. Kf1 e5 40. dxe5+ Kxe5 41. Nc1 d4 42. Ne2 d3 43. Nf4 Kd6 44. Nxh5 Bc3 45. Nf4 Kc5 46. Ne6+ Kb4 47. Ng5 Kxb3 48. Nxe4 Kc2 49. f4 gxf3 50. gxf3 d2 51. Nf2 Bb4 52. Ke2 Bc5 53. g4 b5 54. axb5 a4 55. g5 a3 56. g6 a2 57. g7 a1=Q 58. g8=Q Qe1# 0-1


[Site "https://www.chess.com"]

[Event "Titled Tuesday Blitz June 13 Late 2023"]
[White "Swiercz, Dariusz"]
[Black "Firouzja, Alireza"]
[WhiteFideId "1126881"]
[BlackFideId "12573981"]
[WhiteElo "2620"]
[BlackElo "2896"]
[Result "0-1"]
[Round "9"]
[TimeControl "180+2"]
[Date "2023.06.13"]
[WhiteClock "0:00:06"]
[BlackClock "0:00:08"]
[Board "4"]

1. e4 c6 2. d4 d5 3. e5 Bf5 4. h4 h5 5. Bd3 Bxd3 6. Qxd3 e6 7. Nf3 Qa5+ 8. Nbd2 Nh6 9. O-O Nf5 10. Nb3 Qa6 11. Qd1 b6 12. Bg5 c5 13. a4 Nc6 14. c3 Rc8 15. Re1 Be7 16. Bxe7 Ncxe7 17. g3 O-O 18. Nc1 cxd4 19. cxd4 Nc6 20. Ra3 Qc4 21. Rc3 Qa6 22. Ne2 Nb4 23. Nf4 g6 24. Ng5 Qb7 25. Nxh5 Nc6 26. Nf6+ Kg7 27. Rd3 Qe7 28. Qg4 Nb4 29. Rdd1 Nc2 30. Re2 Rc4 31. Nf3 Qb4 32. h5 Ncxd4 33. Nxd4 Rxd4 34. Rxd4 Qxd4 35. Qxd4 Nxd4 36. Re3 gxh5 37. Nxh5+ Kh6 38. Nf6 Rc8 39. Kg2 Kg6 40. Rd3 Nc6 41. f4 Nb4 42. Rd1 Rc2+ 43. Kf3 Rxb2 44. Rh1 Rb3+ 45. Kg4 Nd3 46. Rh8 Nf2+ 47. Kh4 Ne4 48. g4 Nxf6 49. exf6 Kxf6 50. Ra8 Rb4 51. Rxa7 Rxf4 52. Kg3 Rb4 53. Ra6 Kg5 54. Ra7 Rxg4+ 55. Kf3 Rb4 56. Ke3 f5 57. Kd3 d4 58. Rb7 e5 59. Rg7+ Kf4 60. Rc7 e4+ 61. Kc2 Ke3 62. Rf7 f4 63. Rc7 f3 64. a5 bxa5 65. Rh7 a4 66. Rh2 a3 67. Rh1 Rb2+ 68. Kc1 f2 69. Rd1 d3 70. Rh1 Rc2+ 71. Kb1 Re2 72. Ka1 Re1+ 73. Ka2 Rxh1 0-1


[Site "https://www.chess.com"]

[Event "Titled Tuesday Blitz June 13 Late 2023"]
[White "Andreikin, Dmitry"]
[Black "Anton Guijarro, David"]
[WhiteFideId "4158814"]
[BlackFideId "2285525"]
[WhiteElo "2736"]
[BlackElo "2618"]
[Result "0-1"]
[Round "9"]
[TimeControl "180+2"]
[Date "2023.06.13"]
[WhiteClock "0:00:03"]
[BlackClock "0:00:20"]
[Board "5"]

1. c4 e6 2. Nf3 d5 3. g3 dxc4 4. Bg2 a6 5. O-O Nf6 6. Qc2 c5 7. Ne5 Be7 8. a4 O-O 9. Na3 Ra7 10. Naxc4 b6 11. a5 b5 12. Nb6 Bb7 13. Bxb7 Rxb7 14. d3 Nd5 15. Be3 Nxe3 16. fxe3 Qd6 17. d4 cxd4 18. Nxf7 Rxf7 19. Nc8 Qc7 20. Nxe7+ Rxe7 21. Qe4 Nd7 22. Rac1 Qb8 23. Rc6 Nf6 24. Qxd4 Rbd7 25. Qc5 Rc7 26. Qd6 Ne8 27. Qe5 Qc8 28. Rb6 Rc1 29. Rb8 Rxf1+ 30. Kxf1 Qc6 31. Kg1 Rf7 32. h4 Rf8 33. Rb6 Qc1+ 34. Kh2 Qf1 35. Qxe6+ Kh8 0-1


[Site "https://www.chess.com"]

[Event "Titled Tuesday Blitz June 13 Late 2023"]
[White "Deac, Bogdan-Daniel"]
[Black "Kovalev, Vladislav"]
[WhiteFideId "1226380"]
[BlackFideId "13504398"]
[WhiteElo "2644"]
[BlackElo "2555"]
[Result "1-0"]
[Round "9"]
[TimeControl "180+2"]
[Date "2023.06.13"]
[WhiteClock "0:00:09"]
[BlackClock "0:00:00"]
[Board "6"]

1. d4 Nf6 2. c4 e6 3. g3 d5 4. Bg2 Bb4+ 5. Nd2 O-O 6. Nf3 dxc4 7. Qc2 b5 8. a4 Bb7 9. axb5 a6 10. bxa6 Rxa6 11. Rxa6 Bxa6 12. O-O Nc6 13. Qa4 Bxd2 14. Qxc6 Bxc1 15. Qxa6 Bxb2 16. Qxc4 Ba3 17. Ne5 Bd6 18. Nc6 Qe8 19. e4 e5 20. dxe5 Bxe5 21. f4 Bb2 22. e5 Ng4 23. Qe2 Qd7 24. Qxb2 Ne3 25. Rc1 Nxg2 26. Qxg2 h5 27. h4 Qd3 28. Kh2 Kh7 29. Rc2 Ra8 30. Nb4 Qd8 31. Rd2 Qf8 32. Nd5 Ra3 33. Nxc7 Qc5 34. Nd5 Qc4 35. Qe2 Qc1 36. Qxh5+ Kg8 37. Nf6+ 1-0


[Site "https://www.chess.com"]